 Dungeon Crawl Stone Soup version 0.28-a0-1128-gb845255321 (webtiles) character file.

Game seed: 3478961484176940996

1253 Gargoyl the Skirmisher (level 8, -1/67 HPs)
             Began as a Gnoll Abyssal Knight on Dec 12, 2021.
             Was a Believer of Lugonu.
             Succumbed to Dowan's poison
             ... on level 5 of the Dungeon.
             The game lasted 00:07:51 (6488 turns).

Gargoyl the Skirmisher (Gnoll Abyssal Knight)       Turns: 6488, Time: 00:07:51

Health: -1/67      AC:  7    Str: 12 (15) XL:     8   Next: 51%
Magic:  12/13      EV: 10    Int:  8 (9)  God:    Lugonu [**....]
Gold:   232        SH:  0    Dex: 10 (13) Spells: 13/13 levels left

rFire   . . .      SeeInvis .   a - +1 hand axe
rCold   + . .      Faith    .   (no shield)
rNeg    . . .      Spirit   .   k - +0 scale mail
rPois   .          Reflect  .   c - +0 helmet
rElec   .          Harm     .   (no cloak)
rCorr   .          Rampage  .   (no gloves)
Will    .....                   m - +0 pair of boots
Stlth   +.........              (no amulet)
HPRegen 0.21/turn               e - ring of flight
MPRegen 0.13/turn               l - ring of protection from cold

@: lethally poisoned (-1 -> -11), flying, hasted, very quick
A: fangs 1, strong nose, distributed training, deformed body
a: Renounce Religion, Depart the Abyss, Bend Space


You were on level 5 of the Dungeon.
You worshipped Lugonu.
Lugonu was pleased with you.
You visited 2 branches of the dungeon, and saw 6 of its levels.
You visited the Abyss 1 time.

You collected 232 gold pieces.

Inventory:

Hand Weapons
 a - a +1 hand axe (weapon)
 p - a +0 war axe
Missiles
 b - a throwing net
 d - 5 javelins
 i - 6 poisoned darts (quivered)
Armour
 c - a +0 helmet (worn)
 k - a +0 scale mail (worn)
 m - a +0 pair of boots (worn)
Jewellery
 e - a ring of flight (left hand)
 g - an amulet of the acrobat
 l - a ring of protection from cold (right hand)
Wands
 t - a wand of paralysis (4)
Scrolls
 q - 2 scrolls of teleportation
Potions
 n - a potion of degeneration


   Skills:
 + Level 7.4 Fighting
 + Level 3.3 Short Blades
 + Level 3.3 Long Blades
 + Level 5.7 Axes
 + Level 3.3 Maces & Flails
 + Level 3.3 Polearms
 + Level 3.3 Staves
 + Level 3.3 Slings
 + Level 3.3 Bows
 + Level 3.3 Crossbows
 + Level 3.3 Throwing
 + Level 5.7 Armour
 + Level 4.2 Dodging
 + Level 3.3 Stealth
 + Level 3.3 Shields
 + Level 3.3 Unarmed Combat
 + Level 3.3 Spellcasting
 + Level 2.7 Conjurations
 + Level 2.7 Hexes
 + Level 2.7 Summonings
 + Level 2.7 Necromancy
 + Level 2.7 Translocations
 + Level 2.7 Transmutations
 + Level 2.7 Fire Magic
 + Level 2.7 Ice Magic
 + Level 2.7 Air Magic
 + Level 2.7 Earth Magic
 + Level 2.7 Poison Magic
 + Level 5.9 Invocations
 + Level 3.3 Evocations


You had 13 spell levels left.
You didn't know any spells.
Your spell library contained the following spells:

 Spells                   Type           Power      Damage    Failure   Level
 Blink                    Tloc           10%        N/A       56%         2
 Sublimation of Blood     Necr           5%         N/A       56%         2
 Petrify                  Tmut/Erth      5%         N/A       99%         4
 Irradiate                Conj/Tmut      2%         3d14      100%        5
 Manifold Assault         Tloc           5%         N/A       100%        5
 Storm Form               Tmut/Air       2%         N/A       100%        7


Dungeon Overview and Level Annotations

Branches:
Dungeon (5/15)             Temple (1/1) D:5

Altars:
Cheibriados
Vehumet

Shops:
D:3 (

Annotations:
D:3 Peloso's ghost, amateur MiFi
D:5 1 runed translucent door, Crazy Yiuf


Innate Abilities, Weirdness & Mutations

You have very sharp teeth.
Your uncanny sense of smell can sniff out nearby items.
Your experience applies equally to all skills.
Armour fits poorly on your strangely shaped body.


Message History

You miss Dowan. You punch Dowan.
Dowan is moderately wounded.
Dowan hits you but does no damage.
You hit Dowan.
Dowan is heavily wounded.
You feel less wooden.
Your +0 helmet unmelds from your body.
Your +0 pair of boots unmelds from your body.
Your +0 scale mail unmelds from your body.
You barely miss Dowan.
Dowan is heavily wounded.
Dowan hits you but does no damage.
You are poisoned.
You hit Dowan. Your bite misses Dowan.
Dowan is severely wounded.
You feel sick. Dowan casts a spell at you. The stone arrow hits you!
* * * LOW HITPOINT WARNING * * *
You hit Dowan.
Dowan is almost dead.
* * * LOW HITPOINT WARNING * * *
You feel sick. Dowan hits you but does no damage.
You are more poisoned.
Unknown command.
You hit Dowan.
You kill Dowan!
Lugonu accepts your kill.
* * * LOW HITPOINT WARNING * * *
You feel sick.
Unknown command.
Okay, then.
Really quaff the potion of mutation?
You feel extremely strange.
Your hooves expand and flesh out into feet!
Your body twists and deforms.
* * * LOW HITPOINT WARNING * * *
You feel sick.
Unknown command.
You die...

.... ♣♣♣♣♣##.. .... #..
...################..
#.. .................
##.. .................
#. ... .................
#..##)##... .. .........
#..#.).#.# .## .........
#(.....@.#...#..........
#..#...#................
#..##.#.##...#..........
#.....#...#.##..........
##.#...#..............
#.#...##.#.##...........
#.......#...#...........
#.#...#.................
# ##.##.#...#.........!.


There were no monsters in sight!

Vanquished Creatures
  Eustachio (D:5)
  Duvessa (D:5)
  An ice beast (D:5)
  2 necrophages
  An ogre (D:4)
  2 phantoms
  A scorpion (D:4)
  A wyvern skeleton (D:5)
  Dowan (D:5)
  A water moccasin skeleton (D:5)
  A hound (D:4)
  2 iguanas (D:5)
  A howler monkey skeleton (D:5)
  9 adders
  4 gnolls
  2 worms (D:2)
  A dart slug (D:2)
  5 orcs (D:4)
  8 endoplasms
  5 giant cockroaches
  5 hobgoblins
  13 jackals
  9 ball pythons
  8 bats
  3 frilled lizards
  7 goblins
  4 kobolds
  3 rats
102 creatures vanquished.

Vanquished Creatures (others)
  2 withered plants (D:3)
2 creatures vanquished.

Grand Total: 104 creatures vanquished

Notes
Turn   | Place    | Note
-------+----------+-------------------------------------------
     0 | Abyss:1  | Gargoyl the Gnoll Abyssal Knight began the quest for the
                  | Orb.
     0 | Abyss:1  | Reached XP level 1. HP: 23/23 MP: 3/3
    47 | Abyss:1  | Noticed a tentacled starspawn
    54 | D:1      | Escaped the Abyss
   310 | D:1      | Reached XP level 2. HP: 29/29 MP: 5/5
   346 | D:1      | Reached * piety under Lugonu
  1179 | D:2      | Reached XP level 3. HP: 25/35 MP: 6/6
  1816 | D:2      | Found a radiant altar of Vehumet.
  1992 | D:2      | Reached skill level 1 in Short Blades
  1992 | D:2      | Reached skill level 1 in Long Blades
  1992 | D:2      | Reached skill level 1 in Maces & Flails
  1992 | D:2      | Reached skill level 1 in Polearms
  1992 | D:2      | Reached skill level 1 in Staves
  1992 | D:2      | Reached skill level 1 in Slings
  1992 | D:2      | Reached skill level 1 in Bows
  1992 | D:2      | Reached skill level 1 in Crossbows
  1992 | D:2      | Reached skill level 1 in Throwing
  1992 | D:2      | Reached skill level 1 in Stealth
  1992 | D:2      | Reached skill level 1 in Shields
  1992 | D:2      | Reached skill level 1 in Unarmed Combat
  1992 | D:2      | Reached skill level 1 in Spellcasting
  1992 | D:2      | Reached skill level 1 in Evocations
  2000 | D:2      | Reached XP level 4. HP: 34/41 MP: 7/7
  2007 | D:2      | Reached ** piety under Lugonu
  2233 | D:1      | Reached skill level 1 in Conjurations
  2233 | D:1      | Reached skill level 1 in Hexes
  2233 | D:1      | Reached skill level 1 in Summonings
  2233 | D:1      | Reached skill level 1 in Necromancy
  2233 | D:1      | Reached skill level 1 in Translocations
  2233 | D:1      | Reached skill level 1 in Transmutations
  2233 | D:1      | Reached skill level 1 in Fire Magic
  2233 | D:1      | Reached skill level 1 in Ice Magic
  2233 | D:1      | Reached skill level 1 in Air Magic
  2233 | D:1      | Reached skill level 1 in Earth Magic
  2233 | D:1      | Reached skill level 1 in Poison Magic
  2633 | D:3      | Found a faded altar of an unknown god.
  2704 | D:3      | Reached XP level 5. HP: 46/47 MP: 8/8
  2820 | D:3      | Found Utopp's Weapon Boutique.
  3015 | D:3      | Found a runed translucent door.
  3015 | D:3      | Noticed Peloso's ghost (amateur MiFi)
  3200 | D:4      | Noticed a phantom
  3229 | D:3      | Killed a phantom
  3230 | D:3      | Reached skill level 5 in Invocations
  3474 | D:4      | Reached XP level 6. HP: 53/53 MP: 9/9
  3919 | D:4      | Reached skill level 5 in Axes
  3919 | D:4      | Reached skill level 5 in Armour
  4087 | D:4      | Noticed a necrophage
  4102 | D:4      | Killed a necrophage
  4162 | D:4      | Reached XP level 7. HP: 35/59 MP: 10/10
  4507 | D:4      | Reached *** piety under Lugonu
  4601 | D:4      | Reached skill level 7 in Fighting
  4970 | D:5      | Entered Level 5 of the Dungeon
  5129 | D:5      | Found a staircase to the Ecumenical Temple.
  5425 | D:5      | Noticed Eustachio
  5483 | Temple   | Entered the Ecumenical Temple
  5599 | D:5      | Gained mutation: You have large cloven feet. [potion of
                  | mutation]
  5610 | D:5      | Killed Eustachio
  5611 | D:5      | Reached XP level 8. HP: 21/67 MP: 12/12
  6062 | D:5      | Found a snail-covered altar of Cheibriados.
  6355 | D:5      | Found a runed translucent door.
  6356 | D:5      | Noticed Crazy Yiuf
  6416 | D:5      | Noticed Duvessa
  6469 | D:5      | Killed Duvessa
  6472 | D:5      | Noticed Dowan
  6486 | D:5      | Killed Dowan
  6486 | D:5      | HP: 3/67 [poisoned by Dowan]
  6487 | D:5      | Lost mutation: You have large cloven feet. [potion of
                  | mutation]
  6487 | D:5      | Gained mutation: Armour fits poorly on your strangely
                  | shaped body. [potion of mutation]
  6487 | D:5      | HP: 1/67 [poisoned by Dowan]
  6488 | D:5      | Succumbed to Dowan's poison

Illustrated notes

Levels and vault maps discovered:
D:1:      eino_arrival_water_star, layout_basic, minmay_liquid_box,
          chequers_serial_rivers_small_3
D:2:      layout_loops_ring, basic_altar
D:3:      layout_rooms, gammafunk_ghost_grave, serial_shops, nicolae_shop_trees,
          nicolae_ecumenical_snake_handling, st_stairs_2
D:4:      layout_basic
D:5:      layout_layer_cave, cheibriados_altar_1, minmay_temple_entry_glass,
          hangedman_decor_clover_reticule, uniq_crazy_yiuf_cottage,
          uniq_duvessa, uniq_eustachio
Temple:   regret_index_temple_generic_petals

Skill      XL: |  1  2  3  4  5  6  7  8 |
---------------+-------------------------+-----
Short Blades   | 1 2 3 |  3.3
Long Blades    | 1 2 3 |  3.3
Maces & Flails | 1 2 3 |  3.3
Polearms       | 1 2 3 |  3.3
Staves         | 1 2 3 |  3.3
Slings         | 1 2 3 |  3.3
Bows           | 1 2 3 |  3.3
Crossbows      | 1 2 3 |  3.3
Throwing       | 1 2 3 |  3.3
Stealth        | 1 2 3 |  3.3
Shields        | 1 2 3 |  3.3
Unarmed Combat | 1 2 3 |  3.3
Spellcasting   | 1 2 3 |  3.3
Evocations     | 1 2 3 |  3.3
Conjurations   | 1 2 |  2.7
Hexes          | 1 2 |  2.7
Summonings     | 1 2 |  2.7
Necromancy     | 1 2 |  2.7
Translocations | 1 2 |  2.7
Transmutations | 1 2 |  2.7
Fire Magic     | 1 2 |  2.7
Ice Magic      | 1 2 |  2.7
Air Magic      | 1 2 |  2.7
Earth Magic    | 1 2 |  2.7
Poison Magic   | 1 2 |  2.7
Dodging        | 3 4 |  4.2
Invocations    | 5 |  5.9
Axes           | 5 |  5.7
Armour         | 5 |  5.7
Fighting       | 7 |  7.4

Action                   |  1- 3 |  4- 6 |  7- 9 || total
-------------------------+-------+-------+-------++-------
Melee: Hand axe          |   135 |   211 |   220 ||   566
       Bite              |     5 |    19 |    27 ||    51
       Punch             |       |     1 |     3 ||     4
Throw: Dart              |       |       |     7 ||     7
Invok: Depart the Abyss  |     1 |       |       ||     1
       Bend Space        |       |       |     1 ||     1
  Use: Scroll            |       |     4 |     4 ||     8
       Potion            |       |       |    11 ||    11
 Stab: Sleeping          |     3 |       |       ||     3
Armor: Leather armour    |    59 |       |       ||    59
       Scale mail        |     8 |   101 |   157 ||   266
       Skin              |       |       |    13 ||    13
Dodge: Dodged            |   128 |   126 |   180 ||   434

Table legend: (Time is in decaauts)
 A = Elapsed time spent in this place.
 B = Non-inter-level travel time spent in this place.
 C = Inter-level travel time spent in this place.
 D = Time resting spent in this place.
 E = Time spent auto-exploring this place.
 F = Levels seen in this place.
 G = Mean time per level.
                   A        B        C        D        E       F      G
               +--------+--------+--------+--------+--------+-----+--------+
         Total |   6516 |   6411 |    105 |    912 |   4163 |   7 |  930.9 |
       Dungeon |   6361 |   6256 |    105 |    814 |   4129 |   5 | 1272.2 |
        Temple |     99 |     99 |      0 |     98 |      0 |   1 |   99.0 |
         Abyss |     55 |     55 |      0 |      0 |     34 |   1 |   55.0 |
               +--------+--------+--------+--------+--------+-----+--------+

Top non-repeatable levels by time:
     D:4: 1509 daAuts
     D:5: 1420 daAuts
     D:1: 1351 daAuts
     D:2: 1233 daAuts
     D:3: 847 daAuts
  Temple: 99 daAuts
 Abyss:1: 55 daAuts
